 Dungeon Crawl Stone Soup version 0.17-a0-1411-g06ff558 (webtiles) character file.

319 CormacMccarthy91 the Chopper (level 6, -1/57 HPs)
             Began as a Minotaur Berserker on June 24, 2015.
             Was an Initiate of Yredelemnul.
             Slain by an orc
             ... wielding a +0 hand axe
              (3 damage)
             ... on level 4 of the Dungeon.
             The game lasted 00:29:41 (3282 turns).

CormacMccarthy91 the Chopper (Minotaur Berserker)   Turns: 3282, Time: 00:29:41

Health: -1/57      AC:  9    Str: 22    XL:     6   Next: 21%
Magic:  5/5        EV: 10    Int:  5    God:    Yredelemnul [......]
Gold:   118        SH:  0    Dex: 10    Spells: 0 memorised, 5 levels left

rFire  . . .     SeeInvis .     n - +1 hand axe (freeze)
rCold  . . .     Clarity  .     o - +0 scale mail
rNeg   . . .     SustAt   .     (no shield)
rPois  .         Gourm    .     (helmet restricted)
rElec  .         Spirit   .     g - +0 cloak
rCorr  .         Warding  .     (no gloves)
rMut   .         Stasis   .     a - +0 pair of boots
MR     .....                    (no amulet)
Stlth  ..........               (no ring)
                                (no ring)

@: lethally poisoned (-1 -> -2), not resistant to hostile enchantments,
extremely unstealthy
A: retaliatory headbutt, horns 2
a: Renounce Religion


You were on level 4 of the Dungeon.
You worshipped Yredelemnul.
Yredelemnul was noncommittal.
You were not hungry.

You visited 1 branch of the dungeon, and saw 4 of its levels.

You collected 118 gold pieces.

Inventory:

Hand weapons
 k - a +0 blowgun
 n - a +1 hand axe of freezing (weapon)
 s - a +0 giant spiked club
Missiles
 d - 68 bolts
 h - 20 arrows
 p - 7 poisoned needles
Armour
 a - a +0 pair of boots (worn)
 g - a +0 cloak (worn)
 o - a +0 scale mail (worn)
Scrolls
 b - a scroll of remove curse
 c - a scroll of blinking {unknown}
 f - a scroll of fear
 i - a scroll of identify
 j - a scroll of enchant armour
Potions
 e - a potion of resistance {unknown}
 l - a potion of poison {unknown}
 m - a potion of lignification {unknown}
 q - a potion of berserk rage {unknown}
 r - a potion of curing
Comestibles
 t - 5 chunks of flesh


   Skills:
 + Level 5.9 Fighting
 * Level 6.2 Axes
   Level 0.5(3.9) Polearms
 - Level 3.1 Armour
 - Level 2.8 Dodging
 - Level 0.3 Stealth


You had 5 spell levels left.
You didn't know any spells.

Dungeon Overview and Level Annotations

Branches:
Dungeon (4/15)
 Temple: D:4-7

Altars:
Gozag
Nemelex Xobeh
Okawaru
Yredelemnul


Innate Abilities, Weirdness & Mutations

You reflexively headbutt those who attack you in melee.
You have a pair of horns on your head.


Message History

Yredelemnul accepts your kill. The orc closely misses you.
You hit the rat. You freeze the rat.
The rat is severely wounded.
You feel sick. The rat bites you.
* * * LOW HITPOINT WARNING * * *
Unknown command.
You hit the rat but do no damage.
The rat is severely wounded.
The orc hits you but does no damage. The rat bites you but does no damage.
You hit the rat. You freeze the rat.
You kill the rat!
Yredelemnul accepts your kill. The orc hits you but does no damage.
* * * LOW HITPOINT WARNING * * *
You feel sick.
You hit the orc but do no damage. The orc hits you but does no damage.
The orc hits you with a hand axe.
You die...
Your body rises from the dead as a mindless zombie.

................# ##
.=..............# #####.
...............†######.....
...............††..........
.......!...................
.......###[#####...........
.......#.).....+...........
.......)...o...#...###.....
.......#.o@....##### #.....
.......#####+### ####+#
....... +.... ....... #....
.. #.... . ###+# #... #...
#...


You could see 2 orcs.

Vanquished Creatures
  An ogre (D:4)
  An orc priest (D:3)
  A centaur skeleton (D:4)
  An orc wizard (D:3)
  6 gnolls
  4 adders
  An ooze (D:2)
  A worm (D:2)
  A giant gecko (D:1)
  6 orcs
  A bat (D:2)
  6 hobgoblins
  6 jackals
  2 giant cockroaches
  A giant newt (D:2)
  3 goblins
  7 kobolds
  11 rats
60 creatures vanquished.

Notes
Turn   | Place    | Note
--------------------------------------------------------------
     0 | D:1      | CormacMccarthy91 the Minotaur Berserker began the quest for the Orb.
     0 | D:1      | Reached XP level 1. HP: 19/19 MP: 0/0
   396 | D:1      | Reached skill level 4 in Fighting
   465 | D:1      | Reached XP level 2. HP: 21/27 MP: 1/1
   887 | D:2      | Reached XP level 3. HP: 29/34 MP: 2/2
  1117 | D:2      | Acquired Trog's second power
  1198 | D:2      | Reached XP level 4. HP: 18/41 MP: 3/3
  1476 | D:2      | Found a sparkling altar of Nemelex Xobeh.
  1732 | D:3      | Reached skill level 5 in Fighting
  1733 | D:3      | Reached skill level 5 in Axes
  1733 | D:3      | Reached XP level 5. HP: 18/48 MP: 4/4
  2968 | D:3      | Found an opulent altar of Gozag.
  3017 | D:4      | Found an iron altar of Okawaru.
  3146 | D:4      | Found a basalt altar of Yredelemnul.
  3152 | D:4      | Fell from the grace of Trog
  3152 | D:4      | Became a worshipper of Yredelemnul the Dark
  3208 | D:4      | Noticed an ogre
  3227 | D:4      | Killed an ogre
  3227 | D:4      | Reached skill level 6 in Axes
  3227 | D:4      | Reached XP level 6. HP: 9/57 MP: 5/5
  3275 | D:4      | HP: 2/57 [rat (2)]
  3282 | D:4      | Slain by an orc

Vault maps used:
D:1:      roderic_octagonal_star
D:2:      first_bread, nemelex_deck
D:3:      grunt_gozag_breadcrumbs
D:4:      lemuel_upstairs_altar, old_standard_altar, okawaru_trees_2,
          yredelemnul_altar_generic, minmay_temple_entry_purple_smoke

Action                   |  1- 3 |  4- 6 || total
-------------------------+-------+-------++-------
Melee: Hand axe          |    39 |    61 ||   100
       Spear             |    20 |    24 ||    44
 Fire: Blowgun           |       |     8 ||     8
  Use: Potion            |     1 |     2 ||     3
       Scroll            |       |     7 ||     7
 Stab: Distracted        |       |     1 ||     1
  Eat: Bread ration      |       |     2 ||     2
       Pizza             |       |     1 ||     1
